 Dungeon Crawl Stone Soup version 0.32-a0-558-g233958a4c4 (webtiles) character file.

Game seed: 13627484227253930692

51 mopl the Grasshopper (level 4, 0/33 HPs)
             Began as a Formicid Warper on Feb 29, 2024.
             Succumbed to an adder's poison
             ... on level 2 of the Dungeon.
             The game lasted 00:01:11 (789 turns).

mopl the Grasshopper (Formicid Warper)               Turns: 789, Time: 00:01:12

Health: 0/33       AC:  3    Str: 18    XL:     4   Next: 5%
Magic:  7/7        EV: 11    Int: 12    God:
Gold:   80         SH:  0    Dex: 13    Spells: 8/8 levels left

rFire   . . .        a - +0 falchion
rCold   . . .        (no shield)
rNeg    . . .        b - +0 leather armour
rPois   .            (helmet unavailable)
rElec   .            (no cloak)
rCorr   .            (no gloves)
SInv    +            (no boots)
Will    .....        (no amulet)
Stlth   +            (no ring)
HPRegen 0.25/turn    (no ring)
MPRegen 0.10/turn

%: no passive effects
@: lethally poisoned (0 -> -2)
A: permanent stasis, dig shafts and tunnels, antennae 3, four strong arms
a: Dig, Shaft Self


You were on level 2 of the Dungeon.
You visited 1 branch of the dungeon, and saw 2 of its levels.

You collected 80 gold pieces.

Inventory:

Hand Weapons
 a - a +0 falchion (weapon)
Missiles
 c - 7 darts of dispersal (quivered)
 d - 3 boomerangs
Armour
 b - a +0 leather armour (worn)
Scrolls
 e - 2 scrolls of teleportation {unknown}
 f - a scroll of fear {unknown}
 g - 4 scrolls of identify {unknown}
 h - a scroll of torment {unknown}
 i - a scroll of acquirement {unknown}
 j - a scroll of butterflies {unknown}
 l - a scroll of revelation {unknown}
Potions
 k - a potion of might {unknown}


   Skills:
 - Level 2.1 Fighting
 * Level 2.9 Long Blades
 - Level 1.0 Throwing
 - Level 1.1 Armour
 - Level 1.7 Dodging
 + Level 2.6 Spellcasting
 * Level 3.4 Translocations


You had 8 spell levels left.
You didn't know any spells.
Your spell library contained the following spells:

 Spells                   Type           Power      Damage    Failure   Level
 Lesser Beckoning         Tloc           18%        N/A       12%         2
 Teleport Other           Tloc           9%         N/A       22%         3
 Manifold Assault         Tloc           9%         N/A       58%         4
 Blink                    Tloc           Unusable   N/A       N/A         2
 Vhi's Electric Charge    Tloc/Air       Unusable   N/A       N/A         4

Dungeon Overview and Level Annotations

Branches:
Dungeon (2/15)

Altars:


Innate Abilities, Weirdness & Mutations

You cannot be hasted, slowed, berserked, paralysed or teleported.
You can dig through walls and to a lower floor.
You have a pair of large antennae on your head. (SInv)
Your four strong arms can wield two-handed weapons with a shield.


Message History

You are too injured to fight recklessly!
You are too injured to fight recklessly!
You are too injured to fight recklessly!
You are too injured to fight recklessly!
You are too injured to fight recklessly!
You are too injured to fight recklessly!
You are too injured to fight recklessly!
You are too injured to fight recklessly!
You are too injured to fight recklessly!
You are too injured to fight recklessly!
You are too injured to fight recklessly!
Unknown command.
You barely miss the adder.
The adder is severely wounded.
You feel sick. The adder bites you but does no damage. The adder bites you.
* * * LOW HITPOINT WARNING * * *
You hit the adder but do no damage.
The adder is severely wounded.
You feel sick. The adder closely misses you.
You completely miss the adder.
The adder is severely wounded.
You feel sick. The adder bites you.
* * * LOW HITPOINT WARNING * * *
You are lethally poisoned!
The adder poisons you! The adder closely misses you.
You hit the adder.
The adder is severely wounded.
* * * LOW HITPOINT WARNING * * *
You feel sick. The adder bites you.
* * * LOW HITPOINT WARNING * * *
The ball python closely misses you. The ball python barely misses you.
Unknown command.
You hit the adder.
You kill the adder!
* * * LOW HITPOINT WARNING * * *
You feel sick. The ball python closely misses you. x2
You have reached level 4!
You feel stronger.
You closely miss the ball python.
You die...

#.# #. #.# #...
#.# ..### #.#
##.....
#.##.......
#.#......#
#......# .
#.#....##...#
#..†@S.......
#....#†...##.
#.....#..#....
#.#...#......##
##....#..#....
#...#...#.#...
##.. #.. #...
#.# .. ..


You could see a ball python.

Vanquished Creatures
  An adder (D:2)
  An endoplasm (D:1)
  6 goblins
  2 hobgoblins
  7 jackals (D:1)
  2 quokkas (D:1)
  8 ball pythons
  4 bats
  2 frilled lizards
  A kobold (D:1)
  2 rats (D:2)
36 creatures vanquished.

Notes
Turn   | Place    | Note
-------+----------+-------------------------------------------
     0 | D:1      | mopl the Formicid Warper began the quest for the Orb.
     0 | D:1      | Reached XP level 1. HP: 16/16 MP: 3/3
   123 | D:1      | Reached XP level 2. HP: 19/22 MP: 5/5
   175 | D:1      | Reached skill level 3 in Translocations
   330 | D:1      | Reached XP level 3. HP: 22/27 MP: 6/6
   788 | D:2      | HP: 1/27 [poisoned by an adder]
   789 | D:2      | Reached XP level 4. HP: 1/33 MP: 7/7
   789 | D:2      | Succumbed to an adder's poison

Illustrated notes

Levels and vault maps discovered:
D:1:      ncdulo_halloftheorcs, layout_rooms
D:2:      layout_loops_ring, hangedman_decor_peaks_small, corner_web_ring,
          minmay_tromino_v7, uniq_jessica, uniq_terence

Skill      XL: |  1  2 |
---------------+-------+-----
Translocations | 3 |  3.4
Fighting       | |  2.1
Long Blades    | |  2.9
Throwing       | |  1.0
Armour         | |  1.1
Dodging        | |  1.7
Spellcasting   | |  2.6

Action                     |  1- 3 |  4- 6 || total
---------------------------+-------+-------++-------
  Melee: Falchion          |   125 |     1 ||   126
 Armour: Leather armour    |   117 |       ||   117
  Dodge: Dodged            |   111 |       ||   111

Table legend: (Time is in decaauts)
 A = Elapsed time spent in this place.
 B = Non-inter-level travel time spent in this place.
 C = Inter-level travel time spent in this place.
 D = Time resting spent in this place.
 E = Time spent auto-exploring this place.
 F = Levels seen in this place.
 G = Mean time per level.
                   A        B        C        D        E       F      G
               +--------+--------+--------+--------+--------+-----+--------+
         Total |    810 |    805 |      5 |     58 |    478 |   2 |  405.0 |
       Dungeon |    810 |    805 |      5 |     58 |    478 |   2 |  405.0 |
               +--------+--------+--------+--------+--------+-----+--------+

Top non-repeatable levels by time:
     D:1: 632 daAuts
     D:2: 178 daAuts
